 Dungeon Crawl Stone Soup version 0.31-a0-1098-g6898e6545c (webtiles) character file.

Game seed: 5750877662642296575

83 funkygono the Firebug (level 4, 0/24 HPs)
             Began as a Deep Elf Fire Elementalist on Nov 30, 2023.
             Succumbed to an adder's poison
             ... on level 3 of the Dungeon.
             The game lasted 00:03:25 (2273 turns).

funkygono the Firebug (Deep Elf Fire Elementalist)  Turns: 2273, Time: 00:03:26

Health: 0/24       AC:  3    Str:  5    XL:     4   Next: 22%
Magic:  1/12       EV: 13    Int: 22    God:
Gold:   145        SH:  0    Dex: 21    Spells: 5/11 levels left

rFire   . . .        c - +0 dagger
rCold   . . .        (no shield)
rNeg    . . .        a - +0 robe
rPois   .            (no helmet)
rElec   .            (no cloak)
rCorr   .            m - +0 pair of gloves
SInv    .            (no boots)
Will    .....        (no amulet)
Stlth   +++          e - +6 ring of dexterity
HPRegen 0.24/turn    (no ring)
MPRegen 0.13/turn

%: no passive effects
@: lethally poisoned (0 -> -3)
A: no striking features
a: no special abilities


You were on level 3 of the Dungeon.
You visited 1 branch of the dungeon, and saw 3 of its levels.

You collected 145 gold pieces.

Inventory:

Hand Weapons
 c - a +0 dagger (weapon)
Armour
 a - a +0 robe (worn)
 m - a +0 pair of gloves (worn)
Jewellery
 e - a +6 ring of dexterity (left hand)
Talismans
 o - a serpent talisman
Scrolls
 l - 2 scrolls of teleportation
Potions
 b - a potion of magic
 d - 3 potions of might
 f - 2 potions of ambrosia {unknown}
 g - a potion of heal wounds {unknown}
 i - a potion of lignification
 j - a potion of invisibility
 k - a potion of degeneration {unknown}


   Skills:
 + Level 2.6 Dodging
 + Level 2.8 Stealth
 + Level 4.2 Spellcasting
 + Level 1.5 Conjurations
 + Level 4.5 Fire Magic


You had 5 spell levels left.
You knew the following spells:

 Your Spells              Type           Power      Damage    Failure   Level
a - Foxfire               Conj/Fire      68%        2x1d7     3%          1
b - Scorch                Fire           48%        2d7       2%          2
c - Inner Flame           Hex/Fire       14%        N/A       13%         3

Your spell library contained the following spells:

 Spells                   Type           Power      Damage    Failure   Level
 Volatile Blastmotes      Fire/Tloc      28%        2d12      13%         3
 Flame Wave               Conj/Fire      17%        2d7       30%         4


Dungeon Overview and Level Annotations

Branches:
Dungeon (3/15)

Altars:


Message History

Confirm with . or Enter, or press ? or * to list all spells.
You miscast Scorch.
You are very lightly contaminated with residual magic.
Nothing appears to happen.
The adder misses you.
Unknown command.
You hit the adder.
The adder is heavily wounded.
The adder barely misses you.
You barely miss the adder.
The adder is heavily wounded.
The adder bites you but does no damage.
You hit the adder.
The adder is severely wounded.
The adder bites you but does no damage. The adder barely misses you.
You hit the adder.
The adder is severely wounded.
The adder barely misses you.
You miss the adder.
The adder is severely wounded.
The adder closely misses you.
You hit the adder but do no damage.
The adder is severely wounded.
The adder misses you. The adder bites you.
You are poisoned.
The adder poisons you!
You miss the adder.
The adder is severely wounded.
* * * LOW HITPOINT WARNING * * *
You feel sick. The adder barely misses you.
Your magical contamination has completely faded away.
Casting: Scorch (safe; 2% risk of failure)
Confirm with . or Enter, or press ? or * to list all spells.
You don't have enough magic to cast this spell.
You hit the adder but do no damage.
The adder is severely wounded.
You feel sick. The adder bites you.
* * * LOW HITPOINT WARNING * * *
You closely miss the adder.
The adder is severely wounded.
You die...

...#......
........#
###..(###.#
.........#
##########...#####
... #............#
#..
#.##########.#####
#... #.# #.......
#... #@# ####.###
#....#S# #.>..
##....#.##########
#####
#................#
#.#.###.##.†####$#
#...)......#
#.#.###.#..#
#..... ... #
..#.###.#..#


You could see an adder.

Vanquished Creatures
  Jessica (D:2)
  2 adders (D:3)
  A dart slug (D:2)
  A bat (D:2)
  2 endoplasms (D:1)
  4 giant cockroaches
  4 goblins
  4 hobgoblins
  2 jackals (D:2)
  3 kobolds
  2 quokkas
  4 ball pythons
  2 frilled lizards (D:2)
  2 rats
34 creatures vanquished.

Vanquished Creatures (others)
  74 foxfires
74 creatures vanquished.

Grand Total: 108 creatures vanquished

Notes
Turn   | Place    | Note
-------+----------+-------------------------------------------
     0 | D:1      | funkygono the Deep Elf Fire Elementalist began the quest
                  | for the Orb.
     0 | D:1      | Reached XP level 1. HP: 10/10 MP: 6/6
   134 | D:1      | Found a faded altar of an unknown god.
   409 | D:1      | Reached XP level 2. HP: 15/15 MP: 5/8
   412 | D:1      | Learned a level 2 spell: Scorch
  1352 | D:2      | Reached XP level 3. HP: 19/19 MP: 7/10
  1356 | D:2      | Learned a level 3 spell: Inner Flame
  1733 | D:2      | Noticed Jessica
  1738 | D:2      | Killed Jessica
  2161 | D:3      | Reached XP level 4. HP: 24/24 MP: 8/12
  2272 | D:3      | HP: 1/24 [adder (4)]
  2273 | D:3      | Succumbed to an adder's poison

Illustrated notes

Levels and vault maps discovered:
D:1:      dpeg_arrival_tiny_a, layout_basic, ebering_ecumenical_altar_abandoned,
          nicolae_kite_square_tiling_tiny, minmay_misc_feat_iff,
          wad_floor_pattern_untrapped
D:2:      minmay_general_purpose_star, layout_basic, serial_corexii_hall,
          corexii_hall_statues_u, corexii_hall_statues_l,
          corexii_hall_statues_u, chequers_hall_statues_wall_a,
          grunt_decor_resistance, corexii_shack, dreamdust_wishing_well,
          minmay_distorted, uniq_jessica
D:3:      layout_basic, minmay_surrounded, uniq_terence

Skill      XL: |  1  2  3 |
---------------+----------+-----
Fire Magic     | 4 |  4.5
Spellcasting   | 4 |  4.2
Dodging        | |  2.6
Stealth        | |  2.8
Conjurations   | |  1.5

Action                     |  1- 3 |  4- 6 || total
---------------------------+-------+-------++-------
  Melee: Dagger            |     4 |    17 ||    21
         Unarmed           |     4 |       ||     4
         Constrict         |     2 |       ||     2
   Cast: Foxfire           |    45 |     3 ||    48
         Scorch            |     4 |     4 ||     8
    Use: Scroll            |     7 |       ||     7
 Armour: Robe              |     1 |    21 ||    22
         Skin              |     1 |       ||     1
  Dodge: Dodged            |     6 |    30 ||    36
         Form:             |     1 |       ||     1
         Anaconda          |     1 |       ||     1

Table legend: (Time is in decaauts)
 A = Elapsed time spent in this place.
 B = Non-inter-level travel time spent in this place.
 C = Inter-level travel time spent in this place.
 D = Time resting spent in this place.
 E = Time spent auto-exploring this place.
 F = Levels seen in this place.
 G = Mean time per level.
                   A        B        C        D        E       F      G
               +--------+--------+--------+--------+--------+-----+--------+
         Total |   2272 |   2158 |    114 |      0 |   1873 |   3 |  757.3 |
       Dungeon |   2272 |   2158 |    114 |      0 |   1873 |   3 |  757.3 |
               +--------+--------+--------+--------+--------+-----+--------+

Top non-repeatable levels by time:
     D:2: 1093 daAuts
     D:1: 922 daAuts
     D:3: 256 daAuts
